 Dungeon Crawl Stone Soup version 0.29-a0-275-g389c0b56f3 (webtiles) character file.

Game seed: 4391911085523573139

79 Strat the Bolt Thrower (level 4, 0/32 HPs)
             Began as a Barachi Arcane Marksman on Mar 10, 2022.
             Succumbed to an orc wizard's poison
             ... on level 2 of the Dungeon.
             The game lasted 00:04:28 (1565 turns).

Strat the Bolt Thrower (Barachi Arcane Marksman)    Turns: 1565, Time: 00:04:30

Health: 0/32       AC:  2    Str: 11    XL:     4   Next: 38%
Magic:  4/5        EV: 12    Int: 14    God:
Gold:   106        SH:  0    Dex: 14    Spells: 4/5 levels left

rFire   . . .      SeeInvis .   a - +0 hand crossbow
rCold   . . .      Faith    .   (no shield)
rNeg    . . .      Spirit   .   j - +0 robe
rPois   .          Reflect  .   (no helmet)
rElec   .          Harm     .   (no cloak)
rCorr   .          Rampage  .   (no gloves)
Will    .....                   (no boots)
Stlth   +.........              (no amulet)
HPRegen 0.10/turn               (no ring)
MPRegen 0.09/turn               (no ring)

@: confused, lethally poisoned (0 -> -3), flying, slow
A: amphibious, slowness 1, strong legs 1, +LOS
a: Hop


You were on level 2 of the Dungeon.
You visited 1 branch of the dungeon, and saw 2 of its levels.

You collected 106 gold pieces.

Inventory:

Hand Weapons
 a - a +0 hand crossbow (weapon)
 b - a +2 dagger of draining
Armour
 j - a +0 robe (worn)
Wands
 k - a wand of iceblast (8)
Scrolls
 c - a scroll of vulnerability
 d - 2 scrolls of teleportation {unknown}
 g - a scroll of amnesia {unknown}
 h - a scroll of enchant armour {unknown}
 i - 2 scrolls of blinking {unknown}
Potions
 e - 2 potions of attraction {unknown}
 f - a potion of flight
 l - a potion of degeneration {unknown}
 m - a potion of curing {unknown}


   Skills:
 - Level 1.2 Fighting
 + Level 4.5 Crossbows
 - Level 2.1 Dodging
 - Level 1.1 Spellcasting
 - Level 3.2 Hexes


You had 4 spell levels left.
You knew the following spells:

 Your Spells              Type           Power      Damage    Failure   Level
a - Slow                  Hex            36%        N/A       7%          1

Your spell library contained the following spells:

 Spells                   Type           Power      Damage    Failure   Level
 Inner Flame              Hex/Fire       5%         N/A       36%         3
 Portal Projectile        Hex/Tloc       10%        N/A       36%         3
 Cause Fear               Hex            4%         N/A       56%         4


Dungeon Overview and Level Annotations

Branches:
Dungeon (2/15)

Altars:

Annotations:
D:2 Sigmund


Innate Abilities, Weirdness & Mutations

You are amphibious.
You cover ground slowly.
You can hop short distances.
You have an extended range of vision and can be seen from far away.


Message History

Aim: an orc wizard, wielding a +0 dagger of venom and wearing a +0 robe (severely wounded, chance to affect: 47%)
The orc wizard seems to slow down.
The orc wizard barely misses you.
Shoot: a) +0 hand crossbow
Press: ? - help, Shift-Dir - straight line, f/p - orc wizard
Aim: an orc wizard, wielding a +0 dagger of venom and wearing a +0 robe (severely wounded, slow, 55% to hit)
You shoot a bolt. The bolt closely misses the orc wizard.
The orc wizard hits you with a +0 dagger of venom.
* * * LOW HITPOINT WARNING * * *
You are poisoned.
Shoot: a) +0 hand crossbow
Press: ? - help, Shift-Dir - straight line, f/p - orc wizard
Aim: an orc wizard, wielding a +0 dagger of venom and wearing a +0 robe (severely wounded, slow, 55% to hit)
You shoot a bolt. The bolt barely misses the orc wizard.
You feel very sick.
The orc wizard gestures at you while chanting.
The magic dart hits you!
* * * LOW HITPOINT WARNING * * *
Shoot: a) +0 hand crossbow
Press: ? - help, Shift-Dir - straight line, f/p - orc wizard
Aim: an orc wizard, wielding a +0 dagger of venom and wearing a +0 robe (severely wounded, slow, 55% to hit)
You shoot a bolt. The bolt hits the orc wizard.
The orc wizard is severely wounded.
You feel sick. The orc wizard casts a spell at you. The magic dart hits you.
* * * LOW HITPOINT WARNING * * *
Shoot: a) +0 hand crossbow
Press: ? - help, Shift-Dir - straight line, f/p - orc wizard
Aim: an orc wizard, wielding a +0 dagger of venom and wearing a +0 robe (severely wounded, slow, 55% to hit)
You shoot a bolt. The bolt hits the orc wizard.
The orc wizard is almost dead.
* * * LOW HITPOINT WARNING * * *
You feel sick. The orc wizard casts a spell at you.
You are confused.
It was a potion of flight.
You feel very buoyant.
You fly up into the air.
You die...

.....#.....§.≈_.≈....# ##.# ##..
.......#.#≈§≈≈≈≈.≈...#.##.# ##.
.......#.#..≈.§§≈.≈..#.##.# #.
.......##.#§§§...≈.≈#.# #.# #.
.....#.###.#§§....≈..# #.# #.
.....#.# ##§#§....#.#####.# #.
####.#.# ##.#####........# #.
.......# ##.....######### #.
.###.### ####@## #. ..##.### #o#
#. .....o.# #.# #. ..##.#.####
#÷# #.
.......o..######o###############.
#.........##.#.#.#.#.#.#.#.#.....
#.........#.................#####
#..........#.#.#.#.#.#.#.#.##
#...................).†o÷...#


You could see an orc wizard (slow) and an orc.

Vanquished Creatures
  An orc priest (D:1)
  A worm (D:2)
  A dart slug (D:2)
  2 orcs (D:2)
  2 endoplasms (D:2)
  5 giant cockroaches
  4 goblins
  3 hobgoblins
  3 jackals (D:1)
  A quokka (D:1)
  7 ball pythons
  4 bats
  A frilled lizard (D:1)
  A kobold (D:2)
  3 rats
39 creatures vanquished.

Notes
Turn   | Place    | Note
-------+----------+-------------------------------------------
     0 | D:1      | Strat the Barachi Arcane Marksman began the quest for the
                  | Orb.
     0 | D:1      | Reached XP level 1. HP: 15/15 MP: 2/2
   294 | D:1      | Reached XP level 2. HP: 20/21 MP: 3/3
   433 | D:1      | Reached skill level 3 in Crossbows
   745 | D:2      | Reached XP level 3. HP: 19/26 MP: 4/4
   969 | D:2      | Noticed Sigmund
   995 | D:2      | Found a faded altar of an unknown god.
  1085 | D:1      | Reached skill level 4 in Crossbows
  1085 | D:1      | Reached XP level 4. HP: 4/32 MP: 1/5
  1564 | D:2      | HP: 1/32 [poisoned by an orc wizard]
  1565 | D:2      | Succumbed to an orc wizard's poison

Illustrated notes

Levels and vault maps discovered:
D:1:      wander_arrival_fairy_ring, layout_loops_ring, minmay_worlds_worst_comb
D:2:      cheibrodos_pilgrimage, layout_loops_ring,
          shapermc_ecumenical_altar_starsandcircs, st_stairs_12, uniq_sigmund

Skill      XL: |  1  2  3 |
---------------+----------+-----
Crossbows      | 3 4 |  4.5
Fighting       | |  1.2
Dodging        | |  2.1
Spellcasting   | |  1.1
Hexes          | |  3.2

Action                   |  1- 3 |  4- 6 || total
-------------------------+-------+-------++-------
 Fire: Hand crossbow     |   107 |    28 ||   135
 Cast: Slow              |     5 |     1 ||     6
  Use: Potion            |       |     1 ||     1
Armor: Robe              |    19 |     1 ||    20
Dodge: Dodged            |    71 |     2 ||    73

Table legend: (Time is in decaauts)
 A = Elapsed time spent in this place.
 B = Non-inter-level travel time spent in this place.
 C = Inter-level travel time spent in this place.
 D = Time resting spent in this place.
 E = Time spent auto-exploring this place.
 F = Levels seen in this place.
 G = Mean time per level.
                   A        B        C        D        E       F      G
               +--------+--------+--------+--------+--------+-----+--------+
         Total |   1789 |   1721 |     68 |    394 |    955 |   2 |  894.5 |
       Dungeon |   1789 |   1721 |     68 |    394 |    955 |   2 |  894.5 |
               +--------+--------+--------+--------+--------+-----+--------+

Top non-repeatable levels by time:
     D:1: 1178 daAuts
     D:2: 610 daAuts
